 Dungeon Crawl Stone Soup version 0.30.1-4-g462c640d31 (webtiles) character file.

Game seed: 10809466059715819780

4680 bairyn the Covert (level 10, -4/49 HPs)
             Began as a Spriggan Reaver on Aug 22, 2023.
             Was a Believer of Sif Muna.
             Slain by Amaemon the harpy (5 damage)
             ... on level 10 of the Dungeon.
             The game lasted 00:25:32 (12112 turns).

bairyn the Covert (Spriggan Reaver)                Turns: 12112, Time: 00:25:32

Health: -4/49      AC:  4    Str: 10    XL:     10   Next: 21%
Magic:  23/23      EV: 20    Int: 15    God:    Sif Muna [**....]
Gold:   395        SH:  0    Dex: 16    Spells: 19/25 levels left

rFire   . . .        a - +6 dagger (elec)
rCold   . . .        (no shield)
rNeg    . . .        k - +0 robe
rPois   .            l - +2 hat
rElec   .            (no cloak)
rCorr   .            (gloves unavailable)
SInv    +            (boots unavailable)
Will    +....        (no amulet)
Stlth   ++++         (no ring)
HPRegen 0.28/turn    (no ring)
MPRegen 0.18/turn

%: no passive effects
@: about to teleport, very quick
A: very small, no large weapons, unfitting armour, see invisible, speed 3
a: Renounce Religion, Channel Magic


You were on level 10 of the Dungeon.
You worshipped Sif Muna.
Sif Muna was pleased with you.
You visited 2 branches of the dungeon, and saw 11 of its levels.

You collected 568 gold pieces.
You spent 173 gold pieces at shops.

Inventory:

Hand Weapons
 a - a +6 dagger of electrocution (weapon)
 b - the +4 dagger of World's End {heavy, Int+3 SInv}
   (You found it on level 6 of the Dungeon)

   Int:       It affects your intelligence (+3).
   SInv:      It lets you see invisible.
 c - a +2 dagger of holy wrath
 d - a +1 vampiric dagger
 e - a +1 dagger
 H - a +0 dagger of venom
Missiles
 o - 5 datura-tipped darts
 w - 2 atropa-tipped darts
 C - 5 poisoned darts
Armour
 k - a +0 robe (worn)
 l - a +2 hat (worn)
 x - a +0 buckler
Jewellery
 v - a +5 ring of evasion
Wands
 s - a wand of light (11)
 G - a wand of polymorph (6)
Scrolls
 f - a scroll of brand weapon {unknown}
 j - 2 scrolls of blinking
 m - 2 scrolls of butterflies
 n - 4 scrolls of magic mapping {unknown}
 p - a scroll of fear
 t - 4 scrolls of identify
 u - 6 scrolls of teleportation
 B - a scroll of fog
Potions
 g - a potion of lignification
 h - 3 potions of degeneration
 i - 2 potions of haste
 q - 5 potions of heal wounds {unknown}
 r - 3 potions of brilliance
 y - 10 potions of curing
 z - a potion of ambrosia
 A - a potion of magic {unknown}
 D - a potion of cancellation {unknown}
 E - a potion of invisibility {unknown}
 F - a potion of mutation {unknown}


   Skills:
 + Level 4.1 Fighting
 + Level 6.0 Short Blades
 - Level 1.0 Ranged Weapons
 - Level 1.0 Throwing
 - Level 1.0 Armour
 + Level 6.7 Dodging
 + Level 8.5 Stealth
 - Level 1.0 Shields
 * Level 8.1 Spellcasting
 - Level 2.1 Conjurations
 * Level 5.1 Summonings
 - Level 4.0 Translocations
 - Level 1.0 Transmutations
 - Level 1.0 Ice Magic
 - Level 1.0 Earth Magic
 + Level 4.3 Invocations
 - Level 2.0 Evocations


You had 19 spell levels left.
You knew the following spells:

 Your Spells              Type           Power      Damage    Failure   Level
a - Kiss of Death         Conj/Necr      36%        2d8       8%          1
c - Hailstorm             Conj/Ice       10%        3d5       19%         3
m - Momentum Strike       Conj/Tloc      30%        3d8       4%          2

Your spell library contained the following spells:

 Spells                   Type           Power      Damage    Failure   Level
 Call Canine Familiar     Summ           21%        N/A       4%          3
 Gell's Gravitas          Tloc           18%        N/A       7%          3
 Teleport Other           Tloc           18%        N/A       7%          3
 Foxfire                  Conj/Fire      36%        2x1d5     8%          1
 Slow                     Hex            24%        N/A       12%         1
 Portal Projectile        Hex/Tloc       24%        N/A       16%         3
 Confusing Touch          Hex            6%         N/A       34%         3
 Vampiric Draining        Necr           6%         2d6       34%         3
 Leda's Liquefaction      Hex/Erth       3%         N/A       67%         4
 Fireball                 Conj/Fire      4%         3d4       91%         5
 Dispersal                Tloc           9%         N/A       98%         6
 Plasma Beam              Fire/Air       3%         2x1d14    100%        6
 Starburst                Conj/Fire      4%         6d4       100%        6


Dungeon Overview and Level Annotations

Branches:
Dungeon (10/15)            Temple (1/1) D:4
   Lair: D:8-11         Orc: D:9-12

Altars:
Ashenzari
Cheibriados
Dithmenos
Elyvilon
Fedhas
Gozag
Hepliaklqana
Kikubaaqudgha
Makhleb
Nemelex Xobeh
Okawaru
Qazlal
Ru
Sif Muna
Trog
Uskayaw
Vehumet
Wu Jian
Xom
Yredelemnul
Zin
The Shining One

Shops:
D:1 *   D:2 [   D:3 (??

Portals:
Abyss: D:10
Bailey: D:10

Annotations:
D:4 Sigmund
D:5 exclusion: troll
D:7 2 transporters, exclusion: downstairs, spardeous's ghost, novice DgCj
D:10 2 transporters, Amaemon; erynZofia's ghost, journeyman VSBr


Innate Abilities, Weirdness & Mutations

You are very small and have problems with some larger weapons.
You are too small for most types of armour.
You have supernaturally acute eyesight. (SInv)
You cover ground extremely quickly. (Speed+++)


Message History

You feel sick.
You are no longer poisoned.
Okay, then.
Unknown command.
Okay, then.
Unknown command.
Unknown command.
Unknown command.
Okay, then.
Unknown command.
Unknown command.
Okay, then.
Aiming: Polymorph
Press: ? - help, Shift-Dir - straight line, f - Amaemon
Aim: Amaemon, wielding a -1 demon whip of venom (will become a harpy, an unseen horror, or an ogre, chance to affect: 21%) Amaemon evaporates and reforms as a harpy!
Unknown command.
Casting: Momentum Strike (safe; 4% risk of failure)
Confirm with . or Enter, or press ? or * to list all spells.
You can't see any susceptible monsters within range! (Use Z to cast anyway.) Unknown command.
Unknown command.
Casting: Momentum Strike (safe; 4% risk of failure)
Confirm with . or Enter, or press ? or * to list all spells.
You can't see any susceptible monsters within range! (Use Z to cast anyway.) Unknown command.
You hit Amaemon. Lightning courses through Amaemon!
Amaemon is moderately wounded.
Amaemon claws you! Amaemon misses you.
As you read the scroll of teleportation, it crumbles to dust.
You feel strangely unstable.
You hit Amaemon.
Amaemon is heavily wounded.
The orange demon no longer looks unusually toxic.
Amaemon closely misses you. Amaemon claws you!
* * * LOW HITPOINT WARNING * * *
You feel better. Amaemon claws you!
* * * LOW HITPOINT WARNING * * *
Amaemon closely misses you. Amaemon misses you. Amaemon claws you.
You die...

..................#
.............<....#
...###..#......(..#
..###4.###########+
..#..(..))[......#
....#######8###8##
..#.###8∩........+
###.4.###8###8####
###...)...4..H@#
##############


You could see an orange demon and Amaemon the harpy.

Vanquished Creatures
  A two-headed ogre (D:8)
  A cyclops (D:6)
  3 yaks
  A steam dragon (D:8)
  A water moccasin (D:3)
  An ice beast (D:8)
  4 sky beasts
  2 ogres
  3 centaurs
  2 phantoms
  A kobold brigand (D:8)
  3 scorpions
  4 bullfrogs
  A gnoll sergeant (D:7)
  13 wights
  2 howler monkeys (D:5)
  2 hounds (D:7)
  A jelly (D:7)
  An orc priest (D:6)
  A sleepcap (D:6)
  Ijyb (D:4)
  Natasha (thrice) (D:4)
  4 iguanas
  5 orc wizards
  5 adders
  9 gnolls
  A shadow imp (D:5)
  3 white imps
  A worm (D:4)
  4 dart slugs
  27 orcs
  7 endoplasms
  2 giant cockroaches
  9 goblins
  6 hobgoblins
  7 jackals
  4 quokkas
  7 ball pythons
  2 bats (D:1)
  2 frilled lizards
  16 kobolds
  A rat (D:1)
174 creatures vanquished.

Notes
Turn   | Place    | Note
-------+----------+-------------------------------------------
     0 | D:1      | bairyn the Spriggan Reaver began the quest for the Orb.
     0 | D:1      | Reached XP level 1. HP: 10/10 MP: 5/5
    47 | D:1      | Reached skill level 1 in Stealth
   153 | D:1      | Reached XP level 2. HP: 14/14 MP: 6/6
   461 | D:1      | Found Qaadecio's Assorted Antiques.
   470 | D:1      | Bought a black potion for 18 gold pieces
   486 | D:1      | Found a faded altar of an unknown god.
  1047 | D:2      | Found Maul's Armour Boutique.
  1075 | D:2      | Reached XP level 3. HP: 16/18 MP: 8/8
  1086 | D:2      | Learned a level 1 spell: Slow
  1089 | D:2      | Learned a level 2 spell: Momentum Strike
  1093 | D:2      | Learned a level 3 spell: Hailstorm
  2051 | D:3      | Found Radenif's Weapon Shoppe.
  2104 | D:3      | Found Hilenis's Magic Scroll Shoppe.
  2109 | D:3      | Bought a scroll of teleportation for 33 gold pieces
  2319 | D:1      | Bought a scroll labelled WORUWE ONA SYUWI for 20 gold
                  | pieces
  2319 | D:1      | Bought a scroll labelled BIRUSS ZOSTUAM for 20 gold pieces
  2319 | D:1      | Bought an emerald potion for 18 gold pieces
  2319 | D:1      | Bought a scroll labelled QOSHID PYNY for 20 gold pieces
  2711 | D:3      | Found Leang's Magic Scroll Shop.
  2719 | D:3      | Bought a scroll of fear for 44 gold pieces
  2901 | D:3      | Reached XP level 4. HP: 22/22 MP: 9/9
  3223 | D:3      | Noticed a water moccasin
  3230 | D:3      | Killed a water moccasin
  3231 | D:3      | Reached skill level 1 in Translocations
  3231 | D:3      | Reached skill level 1 in Evocations
  3231 | D:3      | Reached XP level 5. HP: 26/26 MP: 5/10
  3560 | D:4      | Reached skill level 1 in Transmutations
  3773 | D:4      | Noticed Natasha
  3776 | D:4      | Killed Natasha
  3799 | D:4      | Noticed Natasha
  3804 | D:4      | Killed Natasha
  3805 | D:4      | Reached skill level 1 in Ice Magic
  3805 | D:4      | Reached XP level 6. HP: 30/30 MP: 5/11
  3835 | D:4      | Reached skill level 5 in Stealth
  3835 | D:4      | Reached skill level 1 in Summonings
  3886 | D:4      | Noticed Natasha
  4126 | D:4      | Reached skill level 1 in Ranged Weapons
  4230 | D:4      | Killed Natasha
  4315 | D:4      | Found a staircase to the Ecumenical Temple.
  4324 | Temple   | Entered the Ecumenical Temple
  4554 | Temple   | Became a worshipper of Sif Muna the Loreminder
  4585 | D:4      | Noticed Sigmund
  4610 | D:4      | Found an ancient bone altar of Kikubaaqudgha.
  4712 | D:4      | Noticed Ijyb
  4724 | D:4      | Killed Ijyb
  4725 | D:4      | Reached skill level 1 in Throwing
  4870 | D:5      | Entered Level 5 of the Dungeon
  5113 | D:5      | Reached skill level 1 in Armour
  5113 | D:5      | Reached skill level 1 in Invocations
  5249 | D:5      | Reached skill level 1 in Shields
  5249 | D:5      | Reached XP level 7. HP: 15/30 MP: 13/13
  5321 | D:5      | Reached skill level 1 in Earth Magic
  5795 | D:5      | Reached * piety under Sif Muna
  6136 | D:6      | Noticed a steam dragon
  6274 | D:6      | Reached XP level 8. HP: 39/39 MP: 1/15
  6780 | D:6      | Reached skill level 5 in Spellcasting
  6931 | D:6      | Identified the +4 dagger of World's End {heavy, Int+3 SInv}
  6998 | D:6      | Found a stormy altar of Qazlal.
  6998 | D:6      | Found an ornate altar of the Wu Jian Council.
  7053 | D:6      | Noticed a cyclops
  7060 | D:6      | Killed a cyclops
  7061 | D:6      | Reached skill level 5 in Dodging
  7225 | D:6      | Noticed a troll
  7640 | D:7      | Noticed a hornet
  7641 | D:7      | Noticed a queen bee
  7679 | D:7      | Noticed spardeous's ghost (novice DgCj)
  7704 | D:7      | Reached XP level 9. HP: 43/44 MP: 19/19
  7723 | D:7      | Found a transporter.
  7727 | D:7      | Found a transporter.
  7774 | D:7      | Reached ** piety under Sif Muna
  7775 | D:7      | Reached skill level 5 in Short Blades
  8486 | D:8      | Noticed a two-headed ogre
  8978 | D:9      | Found a blossoming altar of Fedhas.
  9278 | D:8      | Killed a two-headed ogre
  9524 | D:8      | Reached XP level 10. HP: 49/49 MP: 5/22
 10433 | D:8      | Reached skill level 5 in Summonings
 11983 | D:10     | Entered Level 10 of the Dungeon
 11989 | D:10     | Found a transporter.
 11990 | D:10     | Noticed an orange demon
 11998 | D:10     | Found a one-way gate to the infinite horrors of the Abyss.
 11998 | D:10     | Noticed erynZofia's ghost (journeyman VSBr)
 12009 | D:10     | Noticed a skeletal warrior
 12010 | D:10     | Noticed a rust devil
 12011 | D:10     | Noticed a rakshasa
 12011 | D:10     | Noticed a white very ugly thing
 12021 | D:10     | Noticed a white ugly thing
 12043 | D:10     | Noticed Amaemon
 12046 | D:10     | Noticed an orange demon
 12050 | D:10     | Found a transporter.
 12099 | D:10     | Found a flagged portal.
 12105 | D:10     | Amaemon changed into Amaemon the harpy
 12105 | D:10     | Noticed Amaemon
 12112 | D:10     | HP: 1/49 [Amaemon the harpy (17)]
 12112 | D:10     | Slain by Amaemon the harpy

Illustrated notes

Levels and vault maps discovered:
D:1:      heliophobic_arrival_enchanted_forest, layout_basic, serial_shops,
          shop, chequers_ecumenical_altar_simple
D:2:      layout_basic, serial_shops, shop
D:3:      layout_basic, serial_shops, shop, shop, nicolae_shop_waterfront
D:4:      layout_gridville, nicolae_kikubaaqudgha_miasma_corner,
          minmay_temple_entry_statues_pillars, uniq_natasha, uniq_sigmund,
          uniq_ijyb
D:5:      layout_loops_ring
D:6:      layout_rooms, gammafunk_temple_overflow_wave,
          amcnicky_mini_rare_corridor_liquid, minmay_three_doors
D:7:      layout_basic, gammafunk_ghost_hive, corexii_checkpoint_a,
          chequers_avenue, supply_closet_lemuel, dreamdust_gnoll_farm
D:8:      layout_basic, grunt_ministairs_9, kennysheep_generic_room_15
D:9:      layout_cross, fedhas_altar_2, orc_0_dummy
D:10:     layout_roguey, lair_entry_dummy, enter_bailey_8,
          gammafunk_ghost_abyssal_escape, special_room [special_room_orc],
          uniq_maurice, uniq_amaemon, uniq_maggie
Temple:   mainiacjoe_temple_bowtie_tessellation

Skill      XL: |  1  2  3  4  5  6  7  8  9 10 |
---------------+-------------------------------+-----
Stealth        | 2 4 5 6 8 |  8.5
Dodging        | 3 4 5 6 |  6.7
Spellcasting   | 3 4 6 7 8 |  8.1
Translocations | 1 2 4 |  4.0
Evocations     | 1 2 |  2.0
Transmutations | 1 |  1.0
Ice Magic      | 1 |  1.0
Summonings     | 1 2 3 4 5 |  5.1
Ranged Weapons | 1 |  1.0
Throwing       | 1 |  1.0
Armour         | 1 |  1.0
Invocations    | 1 3 4 |  4.3
Fighting       | 2 3 4 |  4.1
Shields        | 1 |  1.0
Earth Magic    | 1 |  1.0
Short Blades   | 4 5 6 |  6.0
Conjurations   | |  2.1

Action                     |  1- 3 |  4- 6 |  7- 9 | 10-12 || total
---------------------------+-------+-------+-------+-------++-------
  Melee: Short sword       |   125 |       |       |       ||   125
         Dagger            |    90 |   109 |   200 |    33 ||   432
         Punch             |     1 |     1 |     3 |       ||     5
  Throw: Dart              |       |       |     4 |       ||     4
   Cast: Momentum Strike   |     2 |    12 |     6 |     1 ||    21
         Slow              |     2 |       |       |       ||     2
         Hailstorm         |       |     8 |    38 |    53 ||    99
         Kiss of Death     |       |     4 |       |       ||     4
  Evoke: Wand              |       |       |     4 |     1 ||     5
    Use: Scroll            |     7 |     8 |     2 |     1 ||    18
         Potion            |       |     1 |       |     1 ||     2
   Stab: Sleeping          |     7 |     6 |    19 |     5 ||    37
         Distracted        |       |       |     1 |       ||     1
         Invisible         |       |       |     1 |       ||     1
 Armour: Robe              |    23 |    10 |    12 |     1 ||    46
  Dodge: Dodged            |   174 |    59 |   117 |    29 ||   379
